 Dungeon Crawl Stone Soup version 0.22-a0-445-g8c8ef71 (webtiles) character file.

25864 4thArraOfDagon the Fighter (level 13, -2/98 HPs)
             Began as a Halfling Wanderer on June 2, 2018.
             Was an Initiate of Gozag.
             Slain by an orc knight
             ... wielding a +1 war axe of electrocution
              (14 damage)
             ... on level 2 of the Orcish Mines.
             The game lasted 00:54:59 (16092 turns).

4thArraOfDagon the Fighter (Halfling Wanderer)     Turns: 16092, Time: 00:55:00

Health: -2/98      AC: 11    Str: 16    XL:     13   Next: 53%
Magic:  22/22      EV: 13    Int: 11    God:    Gozag
Gold:   3637       SH:  0    Dex: 15    Spells: 19/25 levels left

rFire    . . .     SeeInvis .   Y - +9 hand axe "Saxtaek" {freeze, +Rage rPois MR+}
rCold    . . .     Gourm    .   (shield restricted)
rNeg     . . .     Faith    .   g - +2 robe {MR+}
rPois    +         Spirit   .   U - +0 helmet
rElec    .         Reflect  .   (no cloak)
rCorr    .         Harm     .   A - +1 pair of gloves
MR       ++...                  m - +0 pair of boots
Stlth    +.........             K - amulet of the acrobat
HPRegen  0.26/turn              X - ring of wizardry
MPRegen  0.18/turn              D - +3 ring of protection

@: gold aura, berserk cooldown, slowed, very slow
A: small, mutation resistance 1
a: Potion Petition, Call Merchant, Bribe Branch, Renounce Religion, Evoke
Berserk Rage


You were on level 2 of the Orcish Mines.
You worshipped Gozag.
Gozag was most pleased with you.
You were not hungry.

You visited 2 branches of the dungeon, and saw 17 of its levels.
You visited 1 bazaar.

You collected 5321 gold pieces.
You spent 1458 gold pieces at shops.
You paid 226 gold pieces to Gozag.

Inventory:

Hand Weapons
 b - a +0 hand crossbow
 l - a +3 broad axe of freezing
 n - a +0 hunting sling
 r - a +0 blowgun
 O - a +2 war axe of electrocution
 W - a +1 scimitar of flaming
 Y - the +9 hand axe "Saxtaek" (weapon) {freeze, +Rage rPois MR+}
   (You bought it in a shop in a bazaar)

   It has been specially enchanted to freeze those struck by it, causing extra
   injury to most foes and up to half again as much damage against particularly
   susceptible opponents.
   It can also slow down cold-blooded creatures.
   It protects you from poison.
   It affects your resistance to hostile enchantments.
   It lets you go berserk.
Missiles
 c - 39 bolts
 o - 450 stones (quivered)
 q - 13 curare-tipped needles
 T - 2 throwing nets
Armour
 g - a +2 robe of magic resistance (worn)
 h - a +0 robe of fire resistance
 m - a +0 pair of boots (worn)
 u - a +0 ring mail
 A - a +1 pair of gloves (worn)
 U - a +0 helmet (worn)
Jewellery
 y - an uncursed ring of magical power
 D - a +3 ring of protection (right hand)
 K - an amulet of the acrobat (around neck)
 R - an uncursed ring of magical power
 V - an uncursed ring of resist corrosion
 X - a ring of wizardry (left hand)
Wands
 a - a wand of paralysis (7)
 G - a wand of clouds (1)
 S - a wand of flame (16)
Scrolls
 i - 5 scrolls of remove curse
 j - 3 scrolls of fog
 t - 2 scrolls of amnesia
 v - 2 scrolls of enchant weapon
 C - 2 scrolls of immolation
 F - 5 scrolls of teleportation {unknown}
 I - 2 scrolls of magic mapping
 J - 2 scrolls of enchant armour
 P - a scroll of vulnerability
Potions
 e - a potion of agility
 p - 4 potions of curing
 s - 3 potions of invisibility
 w - 3 potions of haste
 x - 4 potions of flight
 z - a potion of magic
 B - 3 potions of brilliance
 E - a potion of resistance
 H - a potion of cancellation
 M - a potion of ambrosia
 N - a potion of might
 Z - a potion of heal wounds
Miscellaneous
 d - a phantom mirror
 L - a fan of gales (inert)
 Q - a lightning rod (1/4)
Comestibles
 f - 9 rations


   Skills:
 - Level 12.3 Fighting
 * Level 4.8(5.2) Axes
   Level 2.6(3.9) Maces & Flails
 - Level 4.0 Crossbows
 - Level 4.3 Armour
   Level 1.1 Shields
 - Level 4.1 Unarmed Combat
 * Level 6.5 Spellcasting
 * Level 5.9 Transmutations
 * Level 8.6 Earth Magic
 - Level 4.1 Evocations


You had 19 spell levels left.
You knew the following spells:

 Your Spells              Type           Power        Failure   Level  Hunger
a - Statue Form           Tmut/Erth      ###......    45%         6    #######

Your spell library contained the following spells:

 Spells                   Type           Power        Failure   Level  Hunger
 Magic Dart               Conj           #...         8%          1    None
 Fireball                 Conj/Fire      #.........   87%         5    ######.
 Bolt of Magma            Conj/Fire/Erth #.........   50%         5    ######.
 Freezing Cloud           Conj/Ice/Air   #.........   100%        6    #######
 Mephitic Cloud           Conj/Pois/Air  #.......     22%         3    ###....
 Venom Bolt               Conj/Pois      #.........   87%         5    ######.
 Olgreb's Toxic Radiance  Pois           #.......     56%         4    ####...
 Sting                    Conj/Pois      #...         8%          1    None
 Iron Shot                Conj/Erth      ##........   86%         6    #######
 Flame Tongue             Conj/Fire      #....        8%          1    None
 Call Canine Familiar     Summ           #.......     22%         3    ###....
 Shatter                  Erth           ###.......   100%        9    #######
 Static Discharge         Conj/Air       #.......     22%         3    ###....
 Leda's Liquefaction      Hex/Erth       ##........   12%         4    ####...
 Poisonous Vapours        Pois/Air       #.....       12%         2    ##.....


Dungeon Overview and Level Annotations

Branches:
Dungeon (15/15)            Temple (0/1) D:7            Lair (0/6) D:9
    Orc (2/2) D:12            Elf (0/3) Orc:2
 Vaults: D:13-14     Depths: D:15

Altars:
Ashenzari
Cheibriados
Elyvilon
Fedhas
Gozag
Kikubaaqudgha
Nemelex Xobeh
Qazlal
Ru
Wu Jian
Xom
Zin

Shops:
D:8 :   D:14 }(

Annotations:
D:4 Gorice's ghost, weakling BaBe


Innate Abilities, Weirdness & Mutations

You are small and have problems with some larger weapons.
You are somewhat resistant to further mutation.


Message History

The orc knight hits you with a war axe of electrocution!!
* * * LOW HITPOINT WARNING * * *
You are electrocuted!
* * * LOW HITPOINT WARNING * * *
Unknown command.
Unknown command.
Okay, then.
Unknown command.
Okay, then.
Unknown command. [a] - 220 gold - curing and magic [b] - 210 gold - heal wounds and berserk rage [c] - 522 gold - resistance, might and agility Purchase which effect?
You feel much better.
You're still recovering from your berserk rage.
The orc wizard is no longer distracted by gold.
The orc knight hits you with a war axe of electrocution!
You die...
Your body crumbles into a pile of gold.

.........[...........#........#
.........[....<.....).....##.####
.....#....#.[.[...)..#...#####.#.
.....#...#.......).........##....
........#....#.[.^.[........#....
..............##...........#.....
........#.....###.<)..∩..........
o............##o#[#...###...#....
....#..........o@[....###........
....#......[...$.......###.......
#########.###########...##....##.
*****#.#***** #.....#...#*#
**#...........#** #........##
**...####.####...** #.....#..##
*,,*****#.#*****,,**#...###...###
,,***,,,#.#,,,***,,*#..## ##..#..
,**,,,,,#{#,,,,,**,*#### #.....


You could see an orc knight and an orc wizard.

Vanquished Creatures
  2 centaur warriors (D:14)
  4 two-headed ogres
  3 orc high priests
  Urug (D:14)
  3 orc knights
  A deep elf mage (D:14)
  5 orc sorcerers (Orc:2)
  An ugly thing (D:11)
  A manticore (D:11)
  4 cyclopes
  A centaur zombie (D:10)
  3 centaur skeletons
  2 kobold demonologists
  An efreet (D:14)
  3 polar bears (D:9)
  2 trolls
  2 hornets
  4 hippogriffs
  2 water elementals
  2 shadows (D:14)
  A hungry ghost (D:11)
  3 wyverns (D:12)
  A human (D:7)
  4 hogs (D:7)
  A warg (D:12)
  A black bear (D:13)
  15 orc warriors
  5 ice beasts
  2 sky beasts
  A slave (D:8)
  8 ogres
  A wolf (D:8)
  9 centaurs
  4 phantoms
  4 big kobolds
  7 bullfrogs
  2 wyvern zombies
  2 wyvern skeletons (D:14)
  5 scorpions
  A hornet simulacrum (D:9)
  7 wights
  4 killer bees (D:12)
  3 electric eels
  6 howler monkeys
  9 crimson imps
  3 jellies
  2 hounds
  14 orc priests
  2 bullfrog skeletons
  A hell rat (D:8)
  2 iguanas
  18 orc wizards
  5 worker ants
  Natasha (twice) (D:3)
  A killer bee zombie (D:10)
  4 gnolls (D:4)
  10 adders
  2 river rats (D:9)
  2 shadow imps
  5 white imps
  A howler monkey simulacrum (D:9)
  An adder skeleton (D:6)
  An adder zombie (D:7)
  3 worms
  An adder simulacrum (D:9)
  3 dart slugs
  6 leopard geckos
  56 orcs
  7 giant cockroaches
  8 hobgoblins
  23 jackals
  9 quokkas
  A ball python (D:3)
  11 bats
  4 frilled lizards
  7 goblins
  21 kobolds
  A leopard gecko skeleton (D:6)
  A quokka skeleton (D:7)
  7 rats
398 creatures vanquished.

Vanquished Creatures (others)
  3 slaves (D:9)
  An orc (D:9)
  A kobold (D:9)
  A rat (D:9)
6 creatures vanquished.

Grand Total: 404 creatures vanquished

Notes
Turn   | Place    | Note
-------+----------+-------------------------------------------
     0 | D:1      | 4thArraOfDagon the Halfling Wanderer began the quest for the Orb.
     0 | D:1      | 4thArraOfDagon set off with: a wand of paralysis (15), a +0 hand crossbow, 24 bolts, a +0 ring mail, a ration
     0 | D:1      | Reached XP level 1. HP: 13/13 MP: 1/1
     0 | D:1      | Thaneod: taa centaur na lvl 3
    56 | D:2      | Found an ancient bone altar of Kikubaaqudgha.
    72 | D:2      | Reached skill level 1 in Crossbows
   110 | D:2      | Found an opulent altar of Gozag.
   152 | D:2      | Reached XP level 2. HP: 12/18 MP: 2/2
   254 | D:2      | 4thArraOfDagon: gozy?
   287 | D:2      | Reached XP level 3. HP: 15/23 MP: 3/3
   292 | D:2      | Thaneod: czemu nie?
   304 | D:2      | Thaneod: malo jesz chyba
   369 | D:2      | Thaneod: szansa na sling +10
   687 | D:2      | Became a worshipper of Gozag Ym Sagoz the Greedy
   688 | D:2      | 4thArraOfDagon: ok
   994 | D:2      | Reached XP level 4. HP: 22/28 MP: 4/4
  1078 | D:1      | Thaneod: defe + gozag => nice choice?
  1718 | D:3      | Reached XP level 5. HP: 20/34 MP: 5/5
  1772 | D:3      | Reached skill level 2 in Fighting
  1917 | D:3      | Noticed Natasha
  1922 | D:3      | Killed Natasha
  1936 | D:3      | Noticed Natasha
  1947 | D:3      | HP: 1/35 [Natasha (4)]
  1950 | D:3      | Killed Natasha
  2024 | D:2      | Reached skill level 3 in Fighting
  2045 | D:2      | Found a stormy altar of Qazlal.
  2046 | D:2      | Noticed an air elemental
  2048 | D:2      | Noticed a fire elemental
  2048 | D:2      | Noticed a water elemental
  2361 | D:4      | Reached XP level 6. HP: 42/42 MP: 6/6
  2391 | D:4      | Reached skill level 4 in Fighting
  2405 | D:4      | Noticed Gorice's ghost (weakling BaBe)
  2604 | D:5      | Entered Level 5 of the Dungeon
  2779 | D:4      | 4thArraOfDagon: lag
  3119 | D:5      | Found a glowing silver altar of Zin.
  3186 | D:5      | Found a sparkling altar of Nemelex Xobeh.
  3224 | D:5      | Reached XP level 7. HP: 40/49 MP: 7/7
  3289 | D:5      | Reached skill level 5 in Fighting
  3650 | D:5      | Reached skill level 6 in Fighting
  3777 | D:5      | Found a sacrificial altar of Ru.
  4040 | D:5      | Reached XP level 8. HP: 33/58 MP: 8/8
  4262 | D:6      | Reached skill level 7 in Fighting
  4554 | D:6      | Reached skill level 8 in Fighting
  4728 | D:6      | Found a snail-covered altar of Cheibriados.
  5083 | D:7      | Found a staircase to the Ecumenical Temple.
  5158 | D:7      | Noticed a hog
  5158 | D:7      | Noticed a hog
  5158 | D:7      | Noticed a hog
  5158 | D:7      | Noticed a human
  5158 | D:7      | Noticed a hog
  5197 | D:7      | Killed a hog
  5197 | D:7      | Reached XP level 9. HP: 49/67 MP: 9/9
  5201 | D:7      | Reached skill level 9 in Fighting
  5256 | D:7      | Found a shattered altar of Ashenzari.
  5333 | D:7      | Found a white marble altar of Elyvilon.
  5354 | D:7      | Noticed a cyclops
  5389 | D:7      | Killed a cyclops
  5389 | D:7      | Reached skill level 10 in Fighting
  5906 | D:7      | Reached skill level 11 in Fighting
  6254 | D:8      | Reached XP level 10. HP: 32/79 MP: 10/10
  6506 | D:8      | Found Xykare's Book Emporium.
  6506 | D:8      | Noticed a two-headed ogre
  6514 | D:8      | Killed a two-headed ogre
  6514 | D:8      | Reached skill level 12 in Fighting
  6552 | D:8      | Bought a book of the Earth for 845 gold pieces
  6559 | D:8      | Learned a level 6 spell: Statue Form
  6559 | D:8      | 4thArraOfDagon: bang
  6955 | D:9      | Noticed a two-headed ogre
  6969 | D:9      | Killed a two-headed ogre
  6969 | D:9      | Reached skill level 1 in Unarmed Combat
  6969 | D:9      | Reached skill level 1 in Spellcasting
  6969 | D:9      | Reached skill level 1 in Transmutations
  6969 | D:9      | Reached skill level 1 in Earth Magic
  6996 | D:9      | Found an ornate altar of the Wu Jian Council.
  7052 | D:9      | Noticed a death yak
  7466 | D:9      | Rhok: oO
  7539 | D:9      | Noticed Pikel
  7545 | D:9      | Noticed Pikel
  7545 | D:9      | Pikel changed into Pikel the ogre
  7549 | D:9      | Killed Pikel the ogre
  7584 | D:9      | Thaneod: !beer Rhok
  7586 | D:9      | XtahuaRules: *XtahuaRules* slides a mug of stout down the bar to Rhok, courtesy of Thaneod.
  7656 | D:9      | Found a staircase to the Lair.
  7687 | D:9      | Noticed a death yak
  7805 | D:9      | Reached XP level 11. HP: 76/86 MP: 14/14
  8203 | D:9      | Noticed a two-headed ogre
  8220 | D:9      | Killed a two-headed ogre
  8306 | D:10     | Entered Level 10 of the Dungeon
  8473 | D:9      | Rhok: !beer Thaneod
  8494 | D:9      | XtahuaRules: *XtahuaRules* slides a bottle of lager down the bar to Thaneod, courtesy of Rhok.
  8827 | D:10     | Found an ornate altar of the Wu Jian Council.
  9310 | D:11     | Noticed a manticore
  9330 | D:11     | Noticed a seven-headed hydra
  9697 | D:11     | Noticed a red ugly thing
  9722 | D:11     | Killed a red ugly thing
  9722 | D:11     | Reached skill level 5 in Earth Magic
  9916 | D:12     | Found a flickering gateway to a bazaar.
  9925 | Bazaar   | Entered a bazaar
  9925 | Bazaar   | Found Soxkyn's Assorted Antiques.
  9925 | Bazaar   | Found Petyh's Book Boutique.
  9925 | Bazaar   | Found Nidduac's Book Boutique.
  9925 | Bazaar   | Found Fant's Book Boutique.
  9925 | Bazaar   | Found Ceublut's Food Shop.
  9943 | Bazaar   | Bought a dark potion for 27 gold pieces
  9943 | Bazaar   | Bought a bloodstained hand axe for 248 gold pieces
  9943 | Bazaar   | Bought a scroll of magic mapping for 108 gold pieces
  9943 | Bazaar   | Bought a scroll of identify for 62 gold pieces
  9952 | Bazaar   | Identified the +9 hand axe "Saxtaek" {freeze, +Rage rPois MR+} (You bought it in a shop in a bazaar)
 10513 | D:12     | Noticed a soul eater
 10623 | D:11     | Noticed a soul eater
 10626 | D:11     | Reached XP level 12. HP: 86/92 MP: 18/18
 10822 | D:11     | Noticed a two-headed ogre
 10958 | D:11     | Killed a two-headed ogre
 11262 | D:13     | Identified a scroll of acquirement
 11389 | D:14     | Noticed a centaur warrior
 11404 | D:14     | Killed a centaur warrior
 11686 | D:14     | Noticed Urug
 11706 | D:14     | Killed Urug
 11706 | D:14     | Reached skill level 5 in Spellcasting
 11860 | D:14     | Noticed a skeletal warrior
 11861 | D:14     | Noticed a skeletal warrior
 11868 | D:15     | Entered Level 15 of the Dungeon
 11887 | D:14     | Found a shimmering altar of Xom.
 11904 | D:14     | Found Tihahuuf's Antique Weapon Shop.
 11978 | D:14     | HP: 5/138 [something (29)]
 12133 | D:14     | Found a shimmering altar of Xom.
 12133 | D:14     | Found a shimmering altar of Xom.
 12193 | D:14     | Found Quk Bori's Gadget Shop.
 12278 | D:14     | Found a blossoming altar of Fedhas.
 12318 | D:14     | Noticed a centaur warrior
 12330 | D:14     | Killed a centaur warrior
 12330 | D:14     | Reached skill level 1 in Axes
 12354 | D:14     | Reached skill level 5 in Transmutations
 12502 | D:14     | Identified the Reference Book on Creation and Confrontation
 12575 | D:14     | Bought a wand of paralysis (10) for 168 gold pieces
 12743 | D:13     | damn
 12783 | D:12     | Thaneod: weird thing with ugly things:)
 13044 | D:12     | Found a staircase to the Orcish Mines.
 13058 | Orc:1    | Entered Level 1 of the Orcish Mines
 13064 | Orc:1    | Reached XP level 13. HP: 98/98 MP: 21/21
 13735 | Orc:1    | 4thArraOfDagon: good ol times
 13735 | Orc:1    | 4thArraOfDagon: https://www.youtube.com/watch?v=iqlNNyMuwNE
 13826 | Orc:2    | Entered Level 2 of the Orcish Mines
 13878 | Orc:2    | Found a staircase to the Elven Halls.
 13950 | Orc:2    | Paralysed by an orc sorcerer for 6 turns
 13976 | Orc:2    | HP: 4/98 [orc sorcerer/bolt of negative energy (39)]
 14197 | Orc:2    | nioce
 15295 | Orc:2    | Thaneod: https://www.youtube.com/watch?v=l-DDGmXlzkc
 15300 | Orc:1    | Thaneod: good new times:)
 15381 | Orc:1    | Thaneod: perfect rage timing btw
 16091 | Orc:2    | HP: 1/98 [orc knight/war axe of electrocution (11)]
 16092 | Orc:2    | Slain by an orc knight

Vault maps used:
D:1:      evilmike_arrival_crescent
D:2:      grunt_gozag_statues, nicolae_overflow_crystal_walls, serial_bayou,
          serial_bayou_lagoon_a, serial_bayou_lake_a, serial_bayou_shore_b,
          serial_bayou_pond_d, nicolae_qazlal_style_of_elements
D:3:      first_ration, st_stairs_5, uniq_natasha
D:5:      kennysheep_mini_moat, old_standard_altar, marbit_many_paths
D:6:      basic_altar
D:7:      lemuel_round_altar, elyvilon_altar_1, temple_pool_b, grunt_livestock
D:8:      serial_shops, nicolae_shop_competitors_out_of_business
D:9:      lemuel_crystal_altar, dpeg_lair_monsters, serial_ice, serial_ice_f,
          serial_ice_g, serial_ice_o, serial_ice_c, serial_ice_k, serial_ice_n,
          serial_ice_a, serial_ice_d, serial_ice_e, serial_ice_b, uniq_pikel
D:10:     basic_altar, serial_bayou_pond_e
D:12:     erik_orc_2, serial_shops, bzr_entry_islet, columned_hall_lemuel,
          st_stairs_10
D:13:     erik_vaults_2, makhleb_altar_promises_db
D:14:     serial_shops, nicolae_shop_temple_entry_statues_fountains,
          nicolae_shop_crystal, basic_altar, xom_redecorated,
          kennysheep_inner_square, uniq_urug
D:15:     hangedman_slaughterboxes, uniq_sonja
Orc:2:    st_orc_elflike, lab_entry_generic
Bazaar:   bazaar_minmay_trees

Skill      XL: |  1  2  3  4  5  6  7  8  9 10 11 12 13 |
---------------+----------------------------------------+-----
Crossbows      | 1 2 3 4 |  4.0
Fighting       | 3 4 6 8 11 12 | 12.3
Unarmed Combat | 2 4 |  4.1
Spellcasting   | 2 4 5 6 |  6.5
Transmutations | 1 3 5 |  5.9
Earth Magic    | 2 5 7 8 |  8.6
Evocations     | 2 4 |  4.1
Axes           | 2 4 |  4.8
Maces & Flails | |  2.6
Armour         | |  4.3
Shields        | |  1.1

Action                   |  1- 3 |  4- 6 |  7- 9 | 10-12 | 13-15 || total
-------------------------+-------+-------+-------+-------+-------++-------
Melee: Short sword       |    98 |    80 |    23 |       |       ||   201
       Unarmed           |    17 |       |       |       |       ||    17
       Trident           |       |       |     8 |    81 |       ||    89
       Hand crossbow     |       |       |       |     2 |       ||     2
       Hand axe          |       |       |       |   234 |   183 ||   417
       Punch             |       |       |       |     3 |     3 ||     6
 Fire: Hand crossbow     |    21 |   108 |   263 |   405 |       ||   797
Invok: Potion Petition   |       |     1 |       |       |     1 ||     2
 Abil: Evoke Berserk Rag |       |       |       |    13 |    14 ||    27
Evoke: Wand              |       |       |     1 |    53 |       ||    54
       Lightning rod     |       |       |       |     3 |     1 ||     4
       Fan of gales      |       |       |       |     1 |       ||     1
  Use: Potion            |     1 |       |     3 |     3 |     3 ||    10
       Scroll            |       |       |       |    25 |     4 ||    29
 Stab: Paralysed         |       |       |       |    21 |       ||    21
       Distracted        |       |       |       |     1 |     1 ||     2
       Confused          |       |       |       |     1 |       ||     1
  Eat: Ration            |       |     2 |     3 |    12 |     9 ||    26
Armor: Ring mail         |    62 |    47 |   122 |   309 |    15 ||   555
       Robe              |       |       |       |       |    34 ||    34
Dodge: Dodged            |    91 |    95 |   139 |   439 |   109 ||   873

Table legend:
 A = Spawn XP
 B = Non-spawn XP
 C = Spawn XP percentage of total XP
 D = Spawn monster count
 E = Non-spawn monster count
 F = Spawn count percentage of total count
 G = Total turns spent on level
                    A         B        C        D         E        F      G
               +---------+---------+-------+---------+---------+-------+---------
         Total |       0 |   36949 |   0.0 |       0 |     397 |   0.0 | 16092
               +---------+---------+-------+---------+---------+-------+---------
           D:1 |       0 |      36 |   0.0 |       0 |      22 |   0.0 |   600
           D:2 |       0 |      66 |   0.0 |       0 |      27 |   0.0 |   852
           D:3 |       0 |     131 |   0.0 |       0 |      26 |   0.0 |   682
           D:4 |       0 |     272 |   0.0 |       0 |      16 |   0.0 |   962
           D:5 |       0 |     522 |   0.0 |       0 |      15 |   0.0 |   961
           D:6 |       0 |     727 |   0.0 |       0 |      20 |   0.0 |   888
           D:7 |       0 |    1945 |   0.0 |       0 |      27 |   0.0 |  1131
           D:8 |       0 |    2173 |   0.0 |       0 |      31 |   0.0 |  1283
           D:9 |       0 |    4921 |   0.0 |       0 |      51 |   0.0 |  1133
          D:10 |       0 |    2078 |   0.0 |       0 |      28 |   0.0 |  1260
          D:11 |       0 |    3707 |   0.0 |       0 |      21 |   0.0 |   593
          D:12 |       0 |    4056 |   0.0 |       0 |      36 |   0.0 |  1607
          D:13 |       0 |     258 |   0.0 |       0 |       3 |   0.0 |   362
          D:14 |       0 |    6966 |   0.0 |       0 |      19 |   0.0 |  1188
          D:15 |       0 |      90 |   0.0 |       0 |       1 |   0.0 |    16
         Orc:1 |       0 |    2807 |   0.0 |       0 |      26 |   0.0 |  1325
         Orc:2 |       0 |    6194 |   0.0 |       0 |      28 |   0.0 |  1214
               +---------+---------+-------+---------+---------+-------+---------
